 Dungeon Crawl Stone Soup version 0.28.0 (webtiles) character file.

Game seed: 8038157197057154231

1894 mortz the Magician (level 9, -4/59 HPs)
             Began as a Djinni Conjurer on Feb 15, 2022.
             Was an Initiate of Makhleb.
             Slain by an orc warrior (17 damage)
             ... on level 7 of the Dungeon.
             The game lasted 01:12:05 (9187 turns).

mortz the Magician (Djinni Conjurer)                Turns: 9187, Time: 01:12:07

Health: -4/59      AC:  8    Str:  6    XL:     9   Next: 37%
Gold:   63         EV: 12    Int: 24    God:    Makhleb [......] SH:  0 Dex: 12

rFire   + + .      SeeInvis .   s - +2 falchion (flame)
rCold   . . .      Faith    .   (no shield)
rNeg    + . .      Spirit   .   w - +3 leather armour {rN+}
rPois   ∞          Reflect  .   j - +0 helmet
rElec   .          Harm     .   (no cloak)
rCorr   .          Rampage  .   G - +0 pair of gloves
Will    +....                   (boots unavailable)
Stlth   ++........              x - amulet of the acrobat
HPRegen 0.19/turn               u - ring of protection from cold
MPRegen 0.00/turn               y - ring of willpower

@: flying
A: sickness immunity, fire resistance 2, cold vulnerability 1, float, innate
caster, HP casting, extra vitality 1
a: Renounce Religion


You were on level 7 of the Dungeon.
You worshipped Makhleb.
Makhleb was noncommittal.
You visited 2 branches of the dungeon, and saw 9 of its levels.

You collected 483 gold pieces.
You spent 420 gold pieces at shops.

Inventory:

Hand Weapons
 f - a +2 dagger of venom
 s - a +2 falchion of flaming (weapon)
 B - a +2 quarterstaff of chaos
Armour
 j - a +0 helmet (worn)
 m - a +2 robe of fire resistance
 w - a +3 leather armour of positive energy (worn)
 G - a +0 pair of gloves (worn)
 H - a +0 buckler
Magical Staves
 p - a staff of cold
Jewellery
 k - a ring of ice
 u - a ring of protection from cold (left hand)
 x - an amulet of the acrobat (around neck)
 y - a ring of willpower (right hand)
 I - a ring of fire
Wands
 D - a wand of mindburst (13)
Scrolls
 b - 6 scrolls of teleportation {unknown}
 g - 4 scrolls of blinking {unknown}
 h - 7 scrolls of identify {unknown}
 i - 3 scrolls of enchant armour {unknown}
 r - a scroll of vulnerability {unknown}
 t - a scroll of fear {unknown}
 A - a scroll of acquirement {unknown}
 F - a scroll of enchant weapon {unknown}
 K - a scroll of noise {unknown}
Potions
 a - 3 potions of heal wounds {unknown}
 c - 2 potions of might {unknown}
 d - 3 potions of haste {unknown}
 e - 5 potions of mutation {unknown}
 l - 4 potions of flight {unknown}
 n - 3 potions of lignification
 o - 2 potions of attraction {unknown}
 q - a potion of degeneration {unknown}
 v - 3 potions of magic {unknown}
 z - a potion of brilliance {unknown}
 C - a potion of curing {unknown}
 E - a potion of berserk rage {unknown}
 J - a potion of invisibility {unknown}


   Skills:
 + Level 2.9 Fighting
 - Level 1.4(2.8) Short Blades
 + Level 3.8(3.9) Long Blades
 + Level 4.0 Armour
 + Level 4.2 Dodging
 + Level 3.9 Stealth
 + Level 6.5 Spellcasting


You couldn't memorise any spells.
You knew the following spells:

 Your Spells              Type           Power      Damage    Failure   Level
a - Magic Dart            Conj           100%       1d8       1%          1
b - Searing Ray           Conj           78%        2d7       1%          2
c - Dazzling Flash        Conj/Hex       78%        N/A       2%          3
d - Fulminant Prism       Conj/Hex       19%        3d11      8%          4
e - Iskenderun's Mystic   Conj/Tloc      39%        2d9       8%          4
f - Freeze                Ice            100%       1d11      1%          1
g - Call Imp              Summ           39%        N/A       1%          2
h - Scorch                Fire           78%        2d8       1%          2
i - Tukima's Dance        Hex            39%        N/A       2%          3
Your spell library was empty.

Dungeon Overview and Level Annotations

Branches:
Dungeon (8/15)             Temple (1/1) D:6
   Lair: D:8-11

Altars:
Cheibriados
Dithmenos
Elyvilon
Gozag
Hepliaklqana
Kikubaaqudgha
Makhleb
Okawaru
Qazlal
Ru
Sif Muna
Trog
Wu Jian
Xom
Yredelemnul

Shops:
D:3 (*(


Innate Abilities, Weirdness & Mutations

You are immune to sickness and miasma.
You are immune to poison.
Your flesh is very heat resistant. (rF++)
You are vulnerable to cold. (rC-)
You float through the air rather than walking.
You learn spells naturally, not from books.
Your magical power is your life essence.
You have superior vitality. (+4 MHP)


Message History

There is a stone staircase leading up here.
The kobold shouts!
The orc wizard misses you. The orc warrior barely misses you.
You fly upwards.
There is a stone staircase leading down here.
The orc wizard points at you and mumbles some strange words.
The magic dart hits you.
Casting: Magic Dart (safe; 1% risk of failure)
Confirm with . or Enter, or press ? or * to list all spells.
Aiming: Fulminant Prism (dangerous; 8% risk of failure)
Press: ? - help, Dir - move target You conjure a prism of explosive energy!
A fulminant prism comes into view.
The orc warrior hits you with a +0 battleaxe!
You closely miss the orc warrior.
The orc warrior hits you with a +0 battleaxe!
Your fulminant prism crackles loudly.
You barely miss the orc warrior.
The orc wizard mumbles some strange words.
The orc wizard flickers and vanishes!
Deactivating autopickup; reactivate with Ctrl-A.
The orc warrior hits you with a +0 battleaxe!
* * * LOW HITPOINT WARNING * * *
Your fulminant prism explodes!
The blast of energy engulfs something!!
Makhleb accepts your kill.
Reactivating autopickup.
You feel a bit more experienced.
The blast of energy engulfs the orc warrior!
The orc warrior is moderately wounded.
Casting: Fulminant Prism (dangerous; 8% risk of failure)
Confirm with . or Enter, or press ? or * to list all spells.
Aiming: Searing Ray (safe; 1% risk of failure)
Press: ? - help, Shift-Dir - straight line The searing ray hits the orc warrior!
The orc warrior is severely wounded. (Press . to maintain the ray.)
* * * LOW HITPOINT WARNING * * *
The orc warrior hits you with a +0 battleaxe!
You die...

########### #.# #.........#
##.##########
#.........######........<..#
#.######............######.#
#.# ####..##.###....# #.# #.#
#...............######.###
#.###.##..##.###..####.......#
#.#...##..######>.# #.###.#.#
#..#...#.....@o)..## #.# #.#.#
#.........######...###.# #.#.#
##.#...#### ##.....##.# #....
####...#.## ##.......#.# ##..#
#.........####..........###...#
#.###........'.................
#.# #.#...####......).........#
#.# #.##..# ##.......######.##
#.# #.###.# ##.....## ####


You could see an orc warrior.

Vanquished Creatures
  Sigmund (D:4)
  Eustachio (D:4)
  A wraith (D:6)
  A steam dragon (D:7)
  A water moccasin (D:7)
  2 black bears
  An ice beast (D:7)
  A necrophage (D:5)
  2 ogres
  A bullfrog (D:6)
  A scorpion (D:5)
  A howler monkey (D:7)
  A bullfrog zombie (D:6)
  Crazy Yiuf (D:5)
  3 bullfrog skeletons
  2 centaur skeletons
  A hound (D:5)
  2 iguanas
  Natasha (twice) (D:2)
  An orc wizard (D:7)
  A hound skeleton (D:4)
  A howler monkey zombie (D:6)
  6 adders
  A white imp (D:6)
  A worm (D:2)
  A dart slug (D:1)
  3 orcs
  8 endoplasms
  4 giant cockroaches
  7 goblins
  2 hobgoblins
  10 jackals
  5 kobolds
  2 quokkas
  2 ball pythons
  8 bats
  2 frilled lizards (D:2)
  6 rats
97 creatures vanquished.

Vanquished Creatures (others)
  5 fulminant prisms
5 creatures vanquished.

Grand Total: 102 creatures vanquished

Notes
Turn   | Place    | Note
-------+----------+-------------------------------------------
     0 | D:1      | mortz the Djinni Conjurer began the quest for the Orb.
     0 | D:1      | Reached XP level 1. HP: 15/15 MP: 0/0
   165 | D:1      | Reached XP level 2. HP: 18/21 MP: 0/0
   854 | D:1      | Reached XP level 3. HP: 23/25 MP: 0/0
   854 | D:1      | Learned a level 1 spell: Freeze
  1050 | D:1      | Reached skill level 4 in Spellcasting
  1829 | D:2      | Reached XP level 4. HP: 12/31 MP: 0/0
  2020 | D:2      | Noticed Natasha
  2317 | D:2      | Found a faded altar of an unknown god.
  2584 | D:2      | Killed Natasha
  2710 | D:2      | Noticed Natasha
  2713 | D:2      | Killed Natasha
  2714 | D:2      | Reached skill level 1 in Short Blades
  2714 | D:2      | Reached XP level 5. HP: 18/35 MP: 0/0
  2714 | D:2      | Learned a level 2 spell: Call Imp
  2945 | D:3      | Found Cehot's Antique Armour Emporium.
  3279 | D:3      | Found Itwaev's Weapon Shoppe.
  3467 | D:3      | Found Bogarph's Assorted Antiques.
  3692 | D:3      | Found Beust's Weapon Emporium.
  3937 | D:4      | Noticed a black bear
  3945 | D:4      | Killed a black bear
  3946 | D:4      | Reached skill level 1 in Long Blades
  3946 | D:4      | Reached XP level 6. HP: 24/41 MP: 0/0
  4159 | D:4      | Reached skill level 1 in Fighting
  4212 | D:4      | Noticed Sigmund
  4216 | D:4      | Killed Sigmund
  4217 | D:4      | Reached skill level 1 in Armour
  4217 | D:4      | Reached skill level 5 in Spellcasting
  4217 | D:4      | Reached XP level 7. HP: 36/47 MP: 0/0
  4217 | D:4      | Learned a level 2 spell: Scorch
  4325 | D:4      | Noticed Eustachio
  4606 | D:4      | Killed Eustachio
  5129 | D:5      | Entered Level 5 of the Dungeon
  5211 | D:5      | Reached XP level 8. HP: 45/54 MP: 0/0
  5323 | D:5      | Found a runed translucent door.
  5324 | D:5      | Noticed Crazy Yiuf
  5331 | D:5      | Killed Crazy Yiuf
  6093 | D:6      | Noticed a wraith
  6105 | D:6      | Killed a wraith
  6123 | D:6      | Reached skill level 6 in Spellcasting
  6483 | D:6      | Found a staircase to the Ecumenical Temple.
  6509 | Temple   | Entered the Ecumenical Temple
  6978 | Temple   | Became a worshipper of Makhleb the Destroyer
  7198 | D:6      | Reached XP level 9. HP: 55/59 MP: 0/0
  7198 | D:6      | Learned a level 3 spell: Tukima's Dance
  8419 | D:3      | Bought a pair of gloves for 135 gold pieces
  8424 | D:3      | Bought a buckler for 135 gold pieces
  8424 | D:3      | Bought a blackened moonstone ring for 150 gold pieces
  9178 | D:8      | Found a shadowy altar of Dithmenos.
  9187 | D:7      | Slain by an orc warrior

Illustrated notes

Levels and vault maps discovered:
D:1:      lightli_arrival_farm, layout_loops_ring
D:2:      layout_loops_corners, basic_ecumenical_altar, uniq_natasha
D:3:      layout_loops_cross, serial_shops, shop, nicolae_shop_advertising_works
          [nicolae_subvault_shop_adworks], nicolae_shop_hallway_plus,
          shop_statue, chequers_serial_rivers_micro_e
D:4:      layout_basic, uniq_sigmund, uniq_eustachio
D:5:      layout_loops_ring, uniq_crazy_yiuf_cottage
D:6:      layout_loops_ring, minmay_temple_entry_nine_rooms
D:7:      layout_loops_corners
D:8:      layout_rooms, mainiacjoe_overflow_catwalk_spiral,
          nicolae_overflow_hidden_temple, due_lair_maze_entry_diamond,
          serial_bayou_lake_a, uniq_pikel
Temple:   eino_temple_water

Skill      XL: |  1  2  3  4  5  6  7  8  9 |
---------------+----------------------------+-----
Spellcasting   | 4 5 6 |  6.5
Short Blades   | 1 |  1.4
Long Blades    | 1 2 3 |  3.8
Stealth        | 2 3 |  3.9
Fighting       | 1 2 |  2.9
Armour         | 1 3 4 |  4.0
Dodging        | 3 4 |  4.2

Action                   |  1- 3 |  4- 6 |  7- 9 || total
-------------------------+-------+-------+-------++-------
Melee: Dagger            |    15 |     1 |    15 ||    31
       Falchion          |       |    23 |    32 ||    55
       Punch             |       |       |     1 ||     1
 Cast: Magic Dart        |    64 |    43 |    51 ||   158
       Searing Ray       |     3 |     5 |    28 ||    36
       Fulminant Prism   |       |     3 |     2 ||     5
  Use: Potion            |       |       |     1 ||     1
Armor: Robe              |     5 |     1 |       ||     6
       Leather armour    |       |    13 |    13 ||    26
       Skin              |       |       |    11 ||    11
Dodge: Dodged            |    11 |    13 |    60 ||    84
